Map: Catalyst LE

Players

LoFi - Winner!

  • Race: Protoss Protoss
  • League: Diamond
  • Spawn Location: 5:00

Reia

  • Race: Zerg Zerg
  • League: Diamond
  • Spawn Location: 11:00

VOD

Have the link to the VOD?

Description

I'm Reia, the Zerg.

Time

  • Played on: May 26, 2018, 5:48 p.m.
  • Length: 14:44
Show
View Real Time Build Order
Export as new Build Order

LoFi Protoss - Winner!

Build Orders:  

Get SALT Encoding   

  12  0:01  Probe  
  13  0:13  Probe  
  14  0:22  Pylon  
  14  0:25  Probe  
  15  0:40  Probe  
  15  0:41  Gateway  
  16  0:45  Assimilator  
  16  0:52  Probe  
  17  1:04  Probe  
  17  1:11  Gateway  
  18  1:16  Probe  
  19  1:28  Probe  
  19  1:30  Cybernetics Core  
  20  1:35  Pylon  
  20  1:41  Probe  
  20  1:46  Warp Gate  
  21  1:53  Probe  
  22  1:57  Stalker x2  
  22  2:05  Probe  
  27  2:14  Pylon  
  27  2:17  Probe  
  28  2:28  Stalker  
  28  2:29  Probe  
  31  2:32  Adept  
  33  2:41  Probe  
  34  2:53  Probe  
  34  2:58  Pylon  
  36  3:05  Probe  
  36  3:08  Nexus  
  36  3:17  Probe  
  37  3:29  Assimilator, Probe  
  37  3:33  Robotics Facility  
  38  3:42  Probe  
  38  3:46  Twilight Council  
  39  3:50  Gateway  
  39  3:54  Probe  
  40  4:05  Pylon  
  40  4:06  Stalker, Probe  
  43  4:12  Stalker  
  43  4:14  Observer  
  45  4:18  Probe  
  47  4:25  Probe  
  47  4:30  Probe  
  49  4:34  Observer, Pylon  
  49  4:37  Probe  
  51  4:42  Probe  
  52  4:49  Probe, Pylon  
  52  4:50  Charge  
  53  4:54  Probe  
  54  5:01  Probe  
  54  5:03  Stalker  
  54  5:07  Probe  
  58  5:13  Probe  
  59  5:15  Nexus  
  59  5:19  Pylon  
  59  5:22  Immortal, Probe  
  59  5:26  Probe  
  65  5:34  Probe  
  66  5:39  Probe  
  67  5:43  Assimilator x2  
  67  5:48  Pylon, Probe  
  68  5:52  Probe  
  68  5:53  Zealot x3  
  68  5:54  Immortal  
  75  6:03  Probe  
  75  6:04  Probe  
  81  6:14  Forge  
  81  6:16  Forge  
  81  6:18  Probe  
  82  6:21  Gateway  
  82  6:28  Probe x2  
  82  6:30  Protoss Ground Weapons Level 1  
  82  6:31  Protoss Ground Armor Level 1, Probe  
  85  6:33  Immortal  
  89  6:40  Probe x2, Pylon  
  89  6:43  Probe  
  92  6:53  Probe x2  
  94  7:02  Gateway, Immortal  
  94  7:03  Probe  
  94  7:04  Stalker, Pylon  
  94  7:05  Probe  
  102  7:18  Probe x3  
  105  7:23  Assimilator  
  105  7:24  Assimilator  
  105  7:28  Templar Archives  
  105  7:30  Pylon, Probe  
  105  7:31  Immortal  
  105  7:34  Probe  
  105  7:35  Probe  
  112  7:52  Probe x2  
  112  7:53  Psionic Storm  
  114  7:58  Zealot x2  
  114  7:59  Zealot x2  
  114  8:01  Probe  
  123  8:10  Probe  
  124  8:15  Pylon  
  124  8:21  High Templar x5  
  124  8:24  Immortal  
  124  8:26  Archon x2  
  138  8:32  Pylon  
  138  8:36  Pylon  
  138  8:48  Probe  
  139  8:51  Nexus  
  139  8:53  Pylon  
  139  8:54  High Templar x2, Pylon  
  143  8:58  High Templar  
  143  8:59  Archon, Zealot  
  143  9:00  Zealot  
  149  9:03  Immortal  
  149  9:05  Gateway  
  149  9:07  Gateway  
  149  9:08  Probe x2  
  149  9:09  Gateway, Probe  
  156  9:10  Protoss Ground Armor Level 2, Protoss Ground Weapons Level 2  
  156  9:12  Gateway  
  156  9:27  Zealot  
  156  9:28  Zealot x3  
  156  9:29  Probe  
  165  9:33  High Templar  
  167  9:43  Assimilator  
  167  9:46  Assimilator  
  167  9:50  High Templar x2  
  171  9:53  Pylon  
  171  9:54  Zealot x2  
  171  9:57  Pylon  
  175  10:01  High Templar  
  175  10:02  Archon  
  175  10:06  High Templar  
  179  10:08  Zealot  
  179  10:11  Probe x2  
  183  10:18  Gateway  
  183  10:21  Gateway  
  183  10:22  Gateway x2  
  183  10:23  High Templar x2  
  183  10:25  Zealot x4  
  183  10:27  Archon  
  194  10:43  High Templar  
  194  10:44  Zealot  
  194  10:45  Zealot  
  128  11:14  Archon x3  
  128  11:15  High Templar x3  
  128  11:16  High Templar x2  
  128  11:17  Zealot x4  
  146  11:27  Gateway  
  146  11:29  Gateway  
  146  11:31  Gateway  
  146  11:39  High Templar x2  
  150  11:40  Zealot x2  
  150  11:46  Pylon, Nexus  
  154  11:51  Pylon  
  154  11:53  High Templar x2  
  158  11:54  Zealot x3  
  158  11:58  Archon  
  158  12:01  Immortal, Observer  
  168  12:09  Pylon  
  168  12:11  Nexus  
  168  12:14  High Templar, Pylon  
  168  12:15  Zealot x3  
  172  12:16  Zealot x3  
  172  12:18  Pylon  
  182  12:28  High Templar x2  
  186  12:32  Archon  
  186  12:40  Gateway  
  186  12:43  Gateway  
  186  12:47  Gateway  
  186  12:50  Zealot x4  
  158  13:13  Archon x2  
  158  13:18  Zealot  
  158  13:19  Zealot x9  
  168  13:42  Assimilator  
  168  13:45  Assimilator  
  168  13:47  High Templar x3  
  168  13:48  High Templar x3  
  180  13:49  Zealot x6  
  180  13:50  Zealot x4  
  198  14:11  High Templar  
Show
View Real Time Build Order
Export as new Build Order

Reia Zerg 

Build Orders: Hatch First, Lurkers 

Get SALT Encoding   

  12  0:01  Drone  
  13  0:13  Overlord  
  13  0:17  Drone  
  14  0:31  Drone  
  14  0:32  Drone  
  16  0:52  Hatchery  
  16  0:54  Drone  
  16  0:56  Drone  
  17  1:00  Drone  
  18  1:10  Extractor  
  17  1:16  Spawning Pool  
  16  1:20  Drone  
  16  1:24  Drone  
  18  1:29  Drone  
  19  1:40  Overlord  
  19  1:50  Drone  
  20  2:03  Zergling x2  
  20  2:04  Zergling x2  
  20  2:06  Queen x2  
  26  2:12  Drone  
  26  2:15  Drone  
  28  2:27  Drone x2  
  30  2:33  Overlord  
  30  2:37  Overlord  
  30  2:46  Metabolic Boost  
  30  2:49  Overlord  
  30  3:00  Drone  
  31  3:10  Hatchery  
  31  3:12  Drone x4  
  34  3:15  Zergling x2  
  34  3:28  Queen  
  34  3:31  Zergling x2  
  34  3:32  Zergling x6  
  40  3:43  Spore Crawler  
  40  3:45  Spore Crawler  
  40  3:47  Drone  
  39  3:53  Roach Warren  
  39  3:55  Drone x3  
  41  3:59  Overlord  
  41  4:02  Drone  
  42  4:17  Drone x3, Queen  
  42  4:18  Drone  
  42  4:22  Overlord  
  48  4:25  Drone  
  48  4:27  Drone  
  50  4:44  Roach  
  50  4:45  Roach x5  
  62  4:46  Roach  
  64  4:58  Lair  
  64  5:02  Drone x2, Extractor  
  64  5:04  Drone  
  66  5:07  Overlord  
  66  5:08  Overlord x2  
  66  5:37  Roach  
  66  5:38  Roach x7  
  66  5:41  Overlord x4  
  82  5:50  Drone, Extractor  
  82  5:54  Glial Reconstitution  
  82  6:23  Queen  
  82  6:25  Drone x13  
  89  6:26  Drone x2  
  98  6:47  Spore Crawler  
  98  6:54  Drone x3  
  100  6:58  Hydralisk Den  
  99  7:01  Hatchery  
  99  7:02  Extractor  
  97  7:12  Drone  
  97  7:13  Drone x2  
  97  7:14  Drone x2  
  102  7:17  Drone  
  102  7:18  Drone x2  
  102  7:21  Drone x2  
  102  7:22  Drone, Extractor x2  
  107  7:23  Drone x3  
  107  7:24  Drone x2  
  111  7:34  Grooved Spines  
  111  7:35  Hydralisk, Lurker Den  
  112  7:37  Overlord  
  112  7:38  Overlord x3  
  112  7:49  Drone  
  113  7:54  Overlord x2  
  113  7:55  Overlord x2  
  113  8:06  Drone x3  
  113  8:07  Drone x5  
  121  8:32  Hydralisk x13  
  147  8:46  Muscular Augments  
  147  8:47  Hydralisk x7  
  161  9:22  Hydralisk x11  
  183  9:24  Overlord  
  183  9:25  Overlord x3  
  183  9:34  Evolution Chamber  
  182  10:07  Hydralisk x8  
  182  10:12  Lurker  
  199  10:17  Zerg Missile Weapons Level 1  
  199  10:46  Infestation Pit  
  184  10:57  Hydralisk  
  184  10:58  Hydralisk x5  
  184  10:59  Hydralisk x12  
  171  11:10  Hatchery  
  147  11:12  Hydralisk x9  
  145  11:38  Hydralisk x2  
  145  11:39  Hydralisk x8  
  165  11:44  Extractor  
  165  11:46  Extractor  
  163  11:57  Drone  
  163  11:58  Drone x2  
  163  11:59  Drone x3  
  163  12:00  Drone  
  163  12:01  Drone x2  
  172  12:08  Hive  
  172  12:10  Spire  
  171  12:34  Lurker x5  
  171  12:35  Lurker  
  177  12:38  Overseer  
  177  12:39  Overseer  
  144  13:08  Hydralisk x4  
  144  13:09  Hydralisk x6  
  126  13:15  Hydralisk x2  
  107  13:29  Adaptive Talons  
  107  13:30  Hydralisk x2  
  111  13:36  Drone x3, Extractor x2  
  111  13:37  Drone x3  
  115  13:42  Hydralisk  
  115  13:43  Hydralisk x3  
  123  13:52  Lurker  
  123  13:55  Lurker  
  125  13:58  Hatchery, Extractor  
  125  14:01  Extractor  
  80  14:20  Hydralisk x2  
  87  14:27  Lurker  
  88  14:37  Lurker  
Tags
 
Composition
Lurkers
Matchup
PvZ
Spawn Locations
Cross Positions
Add a new tag
Caveats
  • Supply blocks, unpowered buildings, or Contaminate may cause inaccurate times.
  • Supply counts are checked every 10 seconds.